 Dungeon Crawl Stone Soup version 0.21-a0-142-gdd972a7 (webtiles) character file.

113 rin1221 the Magician (level 4, -5/25 HPs)
             Began as a Deep Elf Wizard on July 21, 2017.
             Killed from afar by an orc wizard (6 damage)
             ... with a magic dart
             ... on level 3 of the Dungeon.
             The game lasted 00:06:58 (2055 turns).

rin1221 the Magician (Deep Elf Wizard)              Turns: 2055, Time: 00:06:59

Health: -5/25      AC:  2    Str:  5    XL:     4   Next: 65%
Magic:  1/13       EV: 13    Int: 23    God:
Gold:   83         SH:  0    Dex: 13    Spells: 3/13 levels left

rFire    . . .     SeeInvis .   l - +0 dagger
rCold    . . .     Gourm    .   (no shield)
rNeg     . . .     Faith    .   a - +0 robe
rPois    .         Spirit   .   b - +0 hat
rElec    .         Reflect  .   (no cloak)
rCorr    .         Harm     .   (no gloves)
MR       .....                  (no boots)
Stlth    ++........             (no amulet)
HPRegen  0.08/turn              (no ring)
MPRegen  0.13/turn              (no ring)

@: no status effects
A: no striking features
a: no special abilities


You were on level 3 of the Dungeon.
You were not hungry.

You visited 1 branch of the dungeon, and saw 3 of its levels.

You collected 83 gold pieces.

Inventory:

Hand Weapons
 l - a +0 dagger (weapon)
Missiles
 e - 30 stones (quivered)
 g - 30 poisoned needles
Armour
 a - a +0 robe (worn)
 b - a +0 hat (worn)
Wands
 r - a wand of paralysis (11/24)
Scrolls
 f - a scroll of enchant weapon {unknown}
 i - a scroll of immolation {unknown}
 p - 2 scrolls of noise {unknown}
 q - a scroll of teleportation {unknown}
 t - 2 scrolls of remove curse {unknown}
 u - a scroll of fear {unknown}
 v - 2 scrolls of identify {unknown}
Potions
 h - a potion of ambrosia {unknown}
 j - a potion of agility {unknown}
 m - 2 potions of brilliance {unknown}
 n - 2 potions of curing {unknown}
 o - a potion of mutation {unknown}
 s - a potion of cancellation {unknown}
Books
 c - a book of Minor Magic

   Spells                             Type                      Level
   a - Magic Dart                     Conjuration                  1
   b - Blink                          Translocation                2
   c - Call Imp                       Summoning                    2
   d - Slow                           Hexes                        2
   e - Conjure Flame                  Conjuration/Fire             3
   f - Mephitic Cloud                 Conjuration/Poison/Air       3
Comestibles
 d - a bread ration
 k - 2 royal jellies


   Skills:
 * Level 1.2 Fighting
 * Level 3.6 Dodging
 - Level 2.4 Stealth
 + Level 5.0 Spellcasting
 * Level 2.0 Conjurations
 * Level 2.5 Summonings
 - Level 1.1 Translocations
 + Level 0.7 Evocations


You had 3 spell levels left.
You knew the following spells:

 Your Spells              Type           Power        Failure   Level  Hunger
a - Magic Dart            Conj           ###.         4%          1    None
b - Blink                 Tloc           N/A          9%          2    None
c - Call Imp              Summ           ###.....     4%          2    None
d - Slow                  Hex            #.......     14%         2    None
e - Mephitic Cloud        Conj/Pois/Air  #.......     22%         3    ##.....


Dungeon Overview and Level Annotations

Branches:
Dungeon (3/15)

Altars:
Ru


Message History

You completely miss the orc wizard.
The orc wizard is moderately wounded.
The orc wizard misses you. The orc wizard barely misses you.
You hit the orc wizard.
The orc wizard is moderately wounded.
The orc wizard hits you but does no damage.
Your crimson imp hits the orc wizard.
You hit the orc wizard but do no damage.
The orc wizard is heavily wounded.
The orc wizard gestures at you while chanting.
The magic dart hits you!
* * * LOW HITPOINT WARNING * * *
Your crimson imp completely misses the orc wizard.
The orc wizard points at you and mumbles some strange words.
The magic dart hits you!
* * * LOW HITPOINT WARNING * * *
Your crimson imp blinks!
The orc wizard casts a spell at you. The magic dart hits you!
You die...

#.#####....#########
#..........#
#######.##.# #.##.#
#.##.# #.##.# #.
#.##.# . #.##.# #.
#.##@# #. #.##†#
#.)#.##o#
#####.#.##5#
.........55###
##.........#
+...o.....#
#.).......#
#.........#


You could see an orc wizard and 3 friendly crimson imps.

Vanquished Creatures
  3 oozes
  A worm (D:2)
  4 dart slugs
  A leopard gecko (D:2)
  An orc (D:3)
  A ball python (D:2)
  2 giant cockroaches (D:1)
  2 goblins (D:2)
  7 hobgoblins
  A quokka (D:3)
  7 bats
  2 frilled lizards
  4 kobolds
  7 rats
43 creatures vanquished.

Vanquished Creatures (collateral kills)
  A howler monkey (D:3)
  Terence (D:2)
  An adder (D:3)
  A worm (D:2)
  A leopard gecko (D:2)
  A giant cockroach (D:2)
  A goblin (D:2)
  A hobgoblin (D:2)
  4 jackals (D:3)
  A bat (D:3)
  A rat (D:3)
14 creatures vanquished.

Grand Total: 57 creatures vanquished

Notes
Turn   | Place    | Note
-------+----------+-------------------------------------------
     0 | D:1      | rin1221 the Deep Elf Wizard began the quest for the Orb.
     0 | D:1      | Reached XP level 1. HP: 10/10 MP: 7/7
   136 | D:1      | Reached XP level 2. HP: 15/15 MP: 4/9
   162 | D:1      | Learned a level 2 spell: Blink
   165 | D:1      | Learned a level 2 spell: Call Imp
   168 | D:1      | Learned a level 2 spell: Slow
   712 | D:2      | Noticed Terence
   714 | D:2      | Reached XP level 3. HP: 20/20 MP: 2/11
   772 | D:2      | Killed Terence
  1002 | D:2      | Learned a level 3 spell: Mephitic Cloud
  1204 | D:2      | Reached skill level 1 in Fighting
  1353 | D:2      | Reached XP level 4. HP: 25/25 MP: 7/12
  1482 | D:2      | Found a sacrificial altar of Ru.
  2007 | D:3      | Reached skill level 5 in Spellcasting
  2054 | D:3      | HP: 1/25 [orc wizard/magic dart (6)]
  2055 | D:3      | Killed from afar by an orc wizard

Vault maps used:
D:1:      dpeg_arrival_renting, minmay_pentomino_q4
D:2:      nicolae_ru_the_path_less_chosen, uniq_terence
D:3:      first_bread

Skill      XL: |  1  2  3  4 |
---------------+-------------+-----
Dodging        | 3 |  3.6
Summonings     | 2 |  2.5
Fighting       | 1 |  1.2
Spellcasting   | 5 |  5.0
Conjurations   | 2 |  2.0
Stealth        | |  2.4
Translocations | |  1.1
Evocations     | |  0.7

Action                   |  1- 3 |  4- 6 || total
-------------------------+-------+-------++-------
Melee: Dagger            |     8 |    15 ||    23
 Cast: Magic Dart        |    69 |    30 ||    99
       Call Imp          |    11 |    11 ||    22
  Eat: Chunk             |     1 |     2 ||     3
Armor: Robe              |     1 |     5 ||     6
Dodge: Dodged            |    12 |    12 ||    24
